[Event "Titled Tuesday Blitz June 8 2021"]
[White "Tristan, Leonardo"]
[Black "Xiong, Jeffery"]
[WhiteFideId "113816"]
[BlackFideId "2047640"]
[WhiteElo "2404"]
[BlackElo "2724"]
[Result "1/2-1/2"]
[Round "03"]
[TimeControl "180+1"]
[Date "2021.06.08"]
[WhiteClock "0:00:10"]
[BlackClock "0:00:11"]

1. d4 Nf6 2. Bf4 d5 3. e3 g6 4. Nf3 Bg7 5. Be2 O-O 6. O-O c5 7. c3 Nc6 8. Nbd2 b6 9. Qb3 Nh5 10. Bg5 h6 11. Bh4 g5 12. Ne1 Nf6 13. Bg3 Re8 14. h3 e5 15. Bb5 Na5 16. Qa4 Nd7 17. Bxe5 a6 18. Bxd7 Bxd7 19. Qc2 Bxe5 20. dxe5 Rxe5 21. b4 Bf5 22. Qc1 Nc4 23. Nef3 Re7 24. Nxc4 dxc4 25. Rd1 Bd3 26. bxc5 bxc5 27. Ne1 Rd7 28. Rd2 Rb8 29. Qd1 Rb6 30. Qg4 Re6 31. Rad1 Red6 32. Nf3 Qf6 33. e4 Qxc3 34. e5 Re6 35. h4 Rd4 36. Nxd4 Qxd4 37. Qxd4 cxd4 38. hxg5 hxg5 39. Rxd3 cxd3 40. Rxd3 Rxe5 41. Rxd4 Re1+ 42. Kh2 Re2 43. Ra4 Rxf2 44. Rxa6 Kg7 45. Kg3 Rb2 46. Kf3 f5 47. g3 Kf7 48. Ra7+ Kf6 49. Ra6+ Ke5 50. Ra5+ Ke6 51. Ra6+ Kd5 52. Ra5+ Ke6 53. Ra6+ Ke5 54. Ra5+ Ke6 1/2-1/2


[Site "https://www.chess.com"]

[Event "Titled Tuesday Blitz June 8 2021"]
[White "Vignesh, N R"]
[Black "Kosteniuk, Alexandra"]
[WhiteFideId "25012215"]
[BlackFideId "4128125"]
[WhiteElo "2401"]
[BlackElo "2521"]
[Result "1-0"]
[Round "03"]
[TimeControl "180+1"]
[Date "2021.06.08"]
[WhiteClock "0:00:18"]
[BlackClock "0:00:06"]

1. d4 Nf6 2. Bf4 b6 3. e3 Bb7 4. Nf3 Nh5 5. Bg3 Nxg3 6. hxg3 e6 7. Bd3 h6 8. Qe2 d6 9. Nbd2 c5 10. c3 Qc7 11. a4 a6 12. g4 Nd7 13. g5 g6 14. gxh6 Rxh6 15. Rxh6 Bxh6 16. e4 Bg7 17. g3 Nf6 18. e5 dxe5 19. dxe5 Nd5 20. Nc4 Bf8 21. Be4 O-O-O 22. O-O-O Be7 23. Rh1 Bc6 24. Rh7 Be8 25. Nd6+ Bxd6 26. Qxa6+ Kb8 27. exd6 Qxd6 28. c4 Qc6 29. cxd5 exd5 30. Bc2 Qf6 31. a5 Rd6 32. axb6 Rxb6 33. Qa3 Qe7 34. Qe3 Qxe3+ 35. fxe3 Kc7 36. Ne5 Rf6 37. Bxg6 Kd6 38. Nxf7+ 1-0


[Site "https://www.chess.com"]

[Event "Titled Tuesday Blitz June 8 2021"]
[White "Vokhidov, Shamsiddin"]
[Black "Aradhya, Garg"]
[WhiteFideId "14204223"]
[BlackFideId "25006746"]
[WhiteElo "2572"]
[BlackElo "2146"]
[Result "1/2-1/2"]
[Round "03"]
[TimeControl "180+1"]
[Date "2021.06.08"]
[WhiteClock "0:01:08"]
[BlackClock "0:00:08"]

1. e4 e5 2. Nf3 Nc6 3. Bc4 Nf6 4. d3 Bc5 5. c3 O-O 6. Nbd2 a5 7. O-O d6 8. Re1 Ng4 9. Re2 Kh8 10. h3 f5 11. exf5 Nxf2 12. Rxf2 Bxf2+ 13. Kxf2 d5 14. Bb5 Bxf5 15. Kg1 Qd6 16. Bxc6 bxc6 17. Nf1 Bxd3 18. Qxd3 e4 19. Qe2 exf3 20. gxf3 Rae8 21. Be3 Rf6 22. Re1 c5 23. Qf2 Rg6+ 24. Kh1 Qd7 25. Kh2 d4 26. cxd4 cxd4 27. Bf4 Rge6 28. Rxe6 Rxe6 29. Qd2 h6 30. Qxa5 Re2+ 31. Kg3 Qe6 32. Qh5 Rxb2 33. Kh4 Qf6+ 34. Kg4 Qe6+ 35. Kh4 Qf6+ 36. Kg4 Qe6+ 37. Kh4 1/2-1/2


[Site "https://www.chess.com"]

[Event "Titled Tuesday Blitz June 8 2021"]
[White "Woodward, Andy"]
[Black "Nakamura, Hikaru"]
[WhiteFideId "30953499"]
[BlackFideId "2016192"]
[WhiteElo "2716"]
[BlackElo "2900"]
[Result "0-1"]
[Round "03"]
[TimeControl "180+1"]
[Date "2021.06.08"]
[WhiteClock "0:00:24"]
[BlackClock "0:00:46"]

1. d4 g6 2. c4 Bg7 3. Nc3 c5 4. Nf3 Nc6 5. d5 Na5 6. Nd2 d6 7. e4 Nf6 8. g3 O-O 9. Bg2 a6 10. a4 Rb8 11. O-O Bd7 12. Qc2 Ne8 13. b3 b5 14. axb5 axb5 15. Bb2 bxc4 16. bxc4 Nf6 17. Rab1 Qc7 18. Ba1 Rb4 19. Na2 Rxb1 20. Rxb1 Ra8 21. Nc3 Nb7 22. e5 Bf5 23. Qc1 Bxb1 24. exf6 Bxf6 25. Qxb1 Qa5 26. Qxb7 Qxa1+ 27. Ncb1 Ra2 28. Bf1 Rb2 29. Qc8+ Kg7 30. h4 h5 31. Qh3 Rc2 32. Qg2 Qb2 33. Qe4 Rc1 34. Kg2 Rd1 35. Qe2 Qc1 36. Qd3 Qb2 37. Qe2 Rc1 38. Qd3 Be5 39. Kg1 Bd4 40. Kg2 Re1 41. Be2 Qc1 42. Nf1 Qxb1 43. Qf3 Qf5 44. Qxf5 gxf5 45. Bd3 Kf6 46. Nd2 Rd1 47. Ne4+ fxe4 48. Be2 Rd2 49. Bxh5 Rxf2+ 50. Kh3 e3 51. g4 e2 52. g5+ Kg7 53. Bxe2 Rxe2 54. Kg4 Re4+ 55. Kh5 Rxh4+ 56. Kxh4 Kg6 57. Kg4 Be3 58. Kf3 Bxg5 59. Ke4 f5+ 60. Kd3 Kf6 61. Kc2 Ke5 62. Kb3 Kd4 63. Ka4 Kxc4 64. Ka5 Kxd5 65. Kb6 e5 66. Kc7 e4 67. Kd7 f4 68. Ke8 f3 69. Kf7 Bd2 70. Ke8 e3 71. Kd7 f2 72. Kc8 c4 73. Kd7 c3 74. Ke8 Kc5 75. Kd7 d5 76. Kd8 d4 77. Kd7 d3 78. Kd8 c2 79. Kd7 e2 80. Kd8 Kd4 81. Kd7 f1=N 82. Ke6 e1=N 83. Kd6 c1=N 84. Kc6 Be3 85. Kd6 d2 86. Ke6 d1=N 87. Kd6 Ncd3 88. Kc6 Nc3 89. Kb6 Nc2 90. Ka5 Ng3 91. Ka6 Nge4 92. Kb6 Bf4 93. Ka6 Bc7 94. Kb7 Ncb4 95. Kc8 Ne5 0-1


[Site "https://www.chess.com"]

[Event "Titled Tuesday Blitz June 8 2021"]
[White "Bacrot, Etienne"]
[Black "Kovalev, Vladislav"]
[WhiteFideId "605506"]
[BlackFideId "13504398"]
[WhiteElo "2673"]
[BlackElo "2573"]
[Result "1/2-1/2"]
[Round "04"]
[TimeControl "180+1"]
[Date "2021.06.08"]
[WhiteClock "0:00:12"]
[BlackClock "0:00:09"]

1. e4 e5 2. Nf3 Nc6 3. Bb5 a6 4. Ba4 Nf6 5. d3 b5 6. Bb3 Bc5 7. a4 b4 8. Nbd2 O-O 9. Nc4 Re8 10. O-O h6 11. c3 d5 12. exd5 Nxd5 13. Ncxe5 Nxe5 14. Nxe5 bxc3 15. Nxf7 Qd7 16. d4 Qxf7 17. dxc5 Be6 18. bxc3 Nxc3 19. Bxe6 Rxe6 20. Qd3 Ne2+ 21. Kh1 Nxc1 22. Raxc1 Rae8 23. h3 Kh8 24. c6 Rg6 25. Qxa6 Qd5 26. f3 Qd2 27. Rg1 Rxg2 28. Rxg2 Qxc1+ 29. Rg1 Qc3 30. Qf1 Qxc6 31. Qg2 Re7 32. a5 Rf7 33. Ra1 Qxf3 34. Qxf3 Rxf3 35. Kg2 Rf8 36. a6 Ra8 37. a7 Kh7 38. Kf3 Kg6 39. Ke4 Kh5 40. Kd5 Kh4 41. Kc6 Kxh3 42. Kb7 Rxa7+ 43. Rxa7 g5 44. Kc6 g4 45. Ra5 g3 46. Rh5+ Kg4 47. Rxh6 g2 48. Rh8 Kf3 49. Rg8 Kf2 50. Rxg2+ Kxg2 51. Kxc7 1/2-1/2


[Site "https://www.chess.com"]

[Event "Titled Tuesday Blitz June 8 2021"]
[White "Bortnyk, Olexandr"]
[Black "Tristan, Leonardo"]
[WhiteFideId "14120828"]
[BlackFideId "113816"]
[WhiteElo "2723"]
[BlackElo "2404"]
[Result "1-0"]
[Round "04"]
[TimeControl "180+1"]
[Date "2021.06.08"]
[WhiteClock "0:01:18"]
[BlackClock "0:00:04"]

1. e4 Nf6 2. e5 Nd5 3. d4 d6 4. Nf3 dxe5 5. c4 Nb6 6. Nxe5 N8d7 7. Nxf7 Kxf7 8. c5 Nd5 9. Qh5+ Ke6 10. g3 g6 11. Bh3+ Kf7 12. Qxd5+ Ke8 13. Be6 Bg7 14. Bg8 e6 15. Qxe6+ Qe7 16. Be3 Nxc5 17. Bf7+ Kf8 18. Qxe7+ Kxe7 19. Bc4 Ne6 20. Nc3 Nxd4 21. O-O-O c5 22. Rhe1 Kf8 23. Bg5 Bg4 24. Be7+ Ke8 25. Bxc5+ Kd7 26. Bxd4 Bxd1 27. Bxg7 Rhc8 28. Rxd1+ Ke7 29. Re1+ 1-0


[Site "https://www.chess.com"]

[Event "Titled Tuesday Blitz June 8 2021"]
[White "Cardoso Cardoso, Jose Gabriel"]
[Black "Abdusattorov, Nodirbek"]
[WhiteFideId "4430492"]
[BlackFideId "14204118"]
[WhiteElo "2343"]
[BlackElo "2662"]
[Result "0-1"]
[Round "04"]
[TimeControl "180+1"]
[Date "2021.06.08"]
[WhiteClock "0:00:19"]
[BlackClock "0:01:43"]

1. d4 Nf6 2. c4 c5 3. d5 b5 4. cxb5 g6 5. Nc3 Bg7 6. e4 d6 7. Nf3 O-O 8. Be2 a6 9. O-O axb5 10. Bxb5 Ba6 11. Bxa6 Nxa6 12. Nd2 Nd7 13. Nc4 Nb6 14. Qe2 Nxc4 15. Qxc4 Qb6 16. Na4 Qb7 17. Bd2 Nb4 18. Nc3 Nc2 19. Rab1 Rfb8 20. h4 Qd7 21. h5 Qg4 22. hxg6 hxg6 23. a3 Nd4 24. Rfd1 Be5 25. Be3 Nf3+ 26. Kf1 Nh2+ 27. Kg1 Kg7 28. Qe2 Qh4 29. g3 Qh3 30. f4 Qxg3+ 0-1


[Site "https://www.chess.com"]

[Event "Titled Tuesday Blitz June 8 2021"]
[White "Cunjalo, Faris"]
[Black "Henderson de La Fuente, Lance"]
[WhiteFideId "14410710"]
[BlackFideId "32096585"]
[WhiteElo "2234"]
[BlackElo "2280"]
[Result "0-1"]
[Round "04"]
[TimeControl "180+1"]
[Date "2021.06.08"]
[WhiteClock "0:00:14"]
[BlackClock "0:00:10"]

1. c4 c5 2. Nf3 Nc6 3. Nc3 e5 4. g3 g6 5. Bg2 Bg7 6. O-O Nge7 7. Ne1 O-O 8. Nc2 d6 9. Ne3 Be6 10. Ned5 Qd7 11. d3 Bh3 12. Bd2 Bxg2 13. Kxg2 Nxd5 14. cxd5 Ne7 15. Rb1 f5 16. b4 b6 17. bxc5 dxc5 18. e4 Nc8 19. Qa4 Qxa4 20. Nxa4 Nd6 21. f3 c4 22. Bb4 Rfd8 23. Bxd6 Rxd6 24. dxc4 Rc8 25. Rfc1 Bh6 26. Rc3 Bd2 27. Rc2 Be3 28. Rb5 a6 29. Rb3 Bd4 30. Nb2 b5 31. a4 Bxb2 32. Rbxb2 Rxc4 33. Rxc4 bxc4 34. Rc2 fxe4 35. Rf2 exf3+ 36. Kxf3 Rxd5 37. Ke4 Rc5 38. Rb2 Kf7 39. Rb7+ Ke6 40. Rb6+ Kd7 41. Rb2 Kc6 42. h4 h5 43. Rc2 Kb6 44. Rg2 Ka5 45. Ke3 c3 0-1


[Site "https://www.chess.com"]

[Event "Titled Tuesday Blitz June 8 2021"]
[White "Dardha, Daniel"]
[Black "Zubov, Alexander"]
[WhiteFideId "240990"]
[BlackFideId "14109409"]
[WhiteElo "2489"]
[BlackElo "2740"]
[Result "0-1"]
[Round "04"]
[TimeControl "180+1"]
[Date "2021.06.08"]
[WhiteClock "0:00:01"]
[BlackClock "0:00:07"]

1. c4 c5 2. g3 g6 3. Bg2 Bg7 4. Nc3 Nc6 5. d3 d6 6. Qd2 e5 7. b3 f5 8. Bb2 Nf6 9. e3 O-O 10. Nge2 Kh8 11. O-O Be6 12. Nd5 Qd7 13. f4 Bg8 14. Nec3 Ng4 15. h3 Nh6 16. a3 Rae8 17. b4 b6 18. Kh2 Be6 19. Rae1 Nf7 20. e4 Nd4 21. Ne2 Nd8 22. Nxd4 cxd4 23. exf5 gxf5 24. Re2 Nc6 25. Rfe1 Bg8 26. b5 Na5 27. Qb4 Nb7 28. Qd2 Nc5 29. Nb4 Re6 30. Bc6 Qd8 31. Bd5 Ree8 32. Nc6 Qc7 33. fxe5 dxe5 34. Bxg8 Kxg8 35. Bxd4 Nb3 36. Qc2 Nxd4 37. Nxd4 f4 38. Nc6 fxg3+ 39. Kg2 Re6 40. c5 Ref6 41. Qc4+ Kh8 42. Qe4 Rf2+ 43. Kxg3 R2f4 44. Qd5 e4 45. Qd6 Qf7 46. Rxe4 Rf3+ 47. Kg2 Rf2+ 48. Kg1 Qf3 49. Rg4 Qxh3 50. Qd7 0-1


[Site "https://www.chess.com"]

[Event "Titled Tuesday Blitz June 8 2021"]
[White "Demchenko, Anton"]
[Black "Sadovsky, Artem"]
[WhiteFideId "4160258"]
[BlackFideId "4155840"]
[WhiteElo "2593"]
[BlackElo "2442"]
[Result "1/2-1/2"]
[Round "04"]
[TimeControl "180+1"]
[Date "2021.06.08"]
[WhiteClock "0:00:07"]
[BlackClock "0:00:07"]

1. e4 g6 2. d4 Bg7 3. Nc3 c6 4. Nf3 d5 5. Bf4 dxe4 6. Nxe4 Nf6 7. Nxf6+ exf6 8. Be2 O-O 9. O-O Re8 10. c3 a5 11. a4 Be6 12. h3 Nd7 13. Re1 Nb6 14. Bd2 Qd5 15. Bd3 Qb3 16. Bc2 Qd5 17. b3 Bf5 18. c4 Rxe1+ 19. Qxe1 Qd7 20. Bxf5 Qxf5 21. Qe7 Nd7 22. Qd6 Nf8 23. d5 cxd5 24. Qxd5 Qxd5 25. cxd5 Rd8 26. Bxa5 Rxd5 27. Be1 Ne6 28. Kf1 Bf8 29. b4 Nf4 30. Bc3 Rd3 31. Rc1 Nd5 32. Bd4 Bxb4 33. Rc8+ Kg7 34. Rd8 Rd1+ 35. Ke2 Rxd4 36. Nxd4 Nc3+ 37. Kf1 Nxa4 38. Rb8 Nc5 39. Nb5 Bd2 40. Rd8 Bf4 41. Rd5 Ne6 42. Rd7 Nc5 43. Rd4 Be5 44. Rd5 Ne6 45. g3 g5 46. Rd7 Nc5 47. Rd8 Kg6 48. g4 h5 49. Rg8+ Kh7 50. Rc8 Ne6 51. gxh5 Nf4 52. Rf8 Kg7 53. Rd8 Nxh3 54. Rd7 Nf4 55. h6+ Kg6 56. h7 Kxh7 57. Rxf7+ Kg6 58. Rxb7 Kf5 59. Na3 Nd5 60. Nc4 Bd4 61. Rb5 Ke6 62. Ra5 Bc3 63. Ra6+ Kf5 64. Rc6 Bd4 65. Nd6+ Kg4 66. Nb5 Be5 67. Rc5 Nf4 68. Na3 Nd3 69. Rb5 Kf3 70. Rb3 Ke4 71. Nc4 Nf4 72. Nd2+ Kf5 73. Nf3 Bd6 74. Rb5+ Ke6 75. Nd4+ Kf7 76. Nf5 Be5 77. Ng3 Ke6 78. Ne4 Bd4 79. Rb4 Be5 80. Ng3 Kd5 81. Rb5+ Ke6 82. Ra5 Kd6 83. Ra6+ Kd5 84. Nf5 Ke4 85. Ng3+ Kf3 86. Ra3+ Kg4 87. Ne4 Kf5 88. Ng3+ Ke6 89. Rb3 Kd5 90. Rb5+ Ke6 1/2-1/2


[Site "https://www.chess.com"]

[Event "Titled Tuesday Blitz June 8 2021"]
[White "Guo, Arthur"]
[Black "Vyatkin, Dmitry"]
[WhiteFideId "30903114"]
[BlackFideId "4171900"]
[WhiteElo "2822"]
[BlackElo "2279"]
[Result "1-0"]
[Round "04"]
[TimeControl "180+1"]
[Date "2021.06.08"]
[WhiteClock "0:00:28"]
[BlackClock "0:00:18"]

1. e4 e6 2. d4 d5 3. Nd2 c5 4. exd5 Qxd5 5. Ngf3 cxd4 6. Bc4 Qd6 7. O-O Nf6 8. Nb3 Nc6 9. Nbxd4 Nxd4 10. Nxd4 a6 11. Re1 Bd7 12. c3 Qc7 13. Qe2 Bd6 14. Nf5 Bxh2+ 15. Kh1 O-O 16. Nxg7 Kxg7 17. Qe3 Ng8 18. Qg5+ Kh8 19. Bd3 Bd6 20. Bxh7 Be7 21. Qe3 Qc5 22. Qh3 Bg5 23. Bf5+ Kg7 24. Qh7+ Kf6 25. Bxg5+ Kxg5 26. f4+ Kf6 27. Qh4+ Kxf5 28. Qg5# 1-0


[Site "https://www.chess.com"]

[Event "Titled Tuesday Blitz June 8 2021"]
[White "Ivic, Velimir"]
[Black "Chasin, Nico"]
[WhiteFideId "950122"]
[BlackFideId "30908477"]
[WhiteElo "2509"]
[BlackElo "2135"]
[Result "0-1"]
[Round "04"]
[TimeControl "180+1"]
[Date "2021.06.08"]
[WhiteClock "0:00:02"]
[BlackClock "0:00:35"]

1. e4 c5 2. Nf3 e6 3. d4 cxd4 4. Nxd4 Nc6 5. Nc3 Qc7 6. Be3 a6 7. a3 Nf6 8. f4 Nxd4 9. Bxd4 Qxf4 10. g3 Qg5 11. e5 Nd5 12. Nxd5 exd5 13. Bg2 d6 14. Qf3 Be6 15. h4 Qg6 16. O-O-O Rc8 17. c3 dxe5 18. Bxe5 Bc5 19. h5 Qg5+ 20. Bf4 Qf6 21. Kb1 Bxa3 22. h6 g5 23. Be3 Qg6+ 24. Ka1 Qc2 25. Bc1 Bxb2+ 26. Bxb2 Rc4 27. Rd4 Rc5 28. Ba3 Rxc3 0-1


[Site "https://www.chess.com"]

[Event "Titled Tuesday Blitz June 8 2021"]
[White "Kollars, Dmitrij"]
[Black "Nguyen, Anh Khoi"]
[WhiteFideId "12909572"]
[BlackFideId "12404675"]
[WhiteElo "2576"]
[BlackElo "2296"]
[Result "1-0"]
[Round "04"]
[TimeControl "180+1"]
[Date "2021.06.08"]
[WhiteClock "0:00:20"]
[BlackClock "0:00:01"]

1. e4 c5 2. Nf3 d6 3. Bb5+ Bd7 4. Bxd7+ Nxd7 5. O-O Ngf6 6. Qe2 Rc8 7. c3 e6 8. d4 cxd4 9. cxd4 d5 10. e5 Ne4 11. Be3 Be7 12. Ne1 f5 13. Nd3 O-O 14. f3 Ng5 15. Nc3 Qb6 16. a4 Rc6 17. Nf4 Rfc8 18. Qb5 a6 19. Qe2 Nf8 20. a5 Qd8 21. Rfc1 Bb4 22. Qd1 Bxa5 23. Nfxd5 Nh3+ 24. gxh3 exd5 25. Qb3 Bxc3 26. Rxc3 Rg6+ 27. Kh1 Rxc3 28. bxc3 b5 29. Qc2 Qd7 30. h4 Rc6 31. h5 b4 32. Bd2 bxc3 33. Bxc3 Ne6 34. Qb3 Nf4 35. Bd2 Nxh5 36. Ra5 Rg6 37. Rxd5 1-0


[Site "https://www.chess.com"]

[Event "Titled Tuesday Blitz June 8 2021"]
[White "Korobov, Anton"]
[Black "Bachmann, Axel"]
[WhiteFideId "14105730"]
[BlackFideId "3700488"]
[WhiteElo "2668"]
[BlackElo "2642"]
[Result "0-1"]
[Round "04"]
[TimeControl "180+1"]
[Date "2021.06.08"]
[WhiteClock "0:00:19"]
[BlackClock "0:00:21"]

1. d4 Nf6 2. c4 e6 3. Nf3 Bb4+ 4. Nbd2 O-O 5. a3 Be7 6. b4 a5 7. b5 c5 8. bxc6 bxc6 9. e4 d5 10. e5 Nfd7 11. Bd3 Ba6 12. h4 h6 13. Qe2 c5 14. cxd5 Bxd3 15. Qxd3 exd5 16. O-O Nc6 17. Re1 cxd4 18. Qb5 Rc8 19. Qxd5 Nc5 20. Qc4 Qd7 21. Rb1 Rfd8 22. Rb6 d3 23. Bb2 Ne6 24. Qe4 Bc5 25. Rb5 Ncd4 26. Nxd4 Bxd4 27. a4 Rc2 28. Rb7 Qxa4 29. Qf5 Rxd2 30. Qxf7+ Kh8 31. Qxe6 Bxf2+ 32. Kf1 Bxe1 33. Qe7 Qf4+ 0-1


[Site "https://www.chess.com"]

[Event "Titled Tuesday Blitz June 8 2021"]
[White "Krivonosov, Oleg"]
[Black "Tabatabaei, M. Amin"]
[WhiteFideId "11600349"]
[BlackFideId "12521213"]
[WhiteElo "2469"]
[BlackElo "2555"]
[Result "0-1"]
[Round "04"]
[TimeControl "180+1"]
[Date "2021.06.08"]
[WhiteClock "0:00:19"]
[BlackClock "0:00:13"]

1. Nf3 f5 2. g3 Nf6 3. Bg2 g6 4. b3 d6 5. d4 Bg7 6. Bb2 O-O 7. O-O c6 8. c4 Nbd7 9. d5 Nc5 10. Nc3 e5 11. dxe6 Bxe6 12. Ng5 Bc8 13. Qc2 h6 14. Nf3 a5 15. Rad1 Qc7 16. Qd2 Nce4 17. Nxe4 fxe4 18. Ne1 a4 19. Bxf6 Rxf6 20. Bxe4 axb3 21. axb3 Qb6 22. Qc2 Bh3 23. Bg2 Bf5 24. Be4 Bxe4 25. Qxe4 Qxb3 26. Nf3 Qb6 27. Qe7 Qc5 28. Qxb7 Re8 29. Rd2 g5 30. Nd4 Ref8 31. Qxc6 Rxf2 32. Rxf2 Bxd4 0-1


[Site "https://www.chess.com"]

[Event "Titled Tuesday Blitz June 8 2021"]
[White "Kuzubov, Yuriy"]
[Black "Bologan, Victor"]
[WhiteFideId "14112906"]
[BlackFideId "13900048"]
[WhiteElo "2564"]
[BlackElo "2511"]
[Result "0-1"]
[Round "04"]
[TimeControl "180+1"]
[Date "2021.06.08"]
[WhiteClock "0:00:32"]
[BlackClock "0:00:47"]

1. d4 d5 2. c4 c6 3. e3 Nf6 4. Nc3 a6 5. b3 Bf5 6. Nge2 e6 7. Ng3 Bg6 8. Bb2 Bd6 9. Bd3 b5 10. c5 Bc7 11. Nce2 Nbd7 12. f4 Bxd3 13. Qxd3 h5 14. h4 g6 15. Ng1 Ng4 16. Nf3 Ndf6 17. Ng5 Qc8 18. Rf1 O-O 19. O-O-O b4 20. Kb1 a5 21. e4 dxe4 22. N3xe4 Nd5 23. Rc1 a4 24. bxa4 Rxa4 25. Nd6 Bxd6 26. cxd6 Qa8 27. Nxe6 Nc3+ 28. Bxc3 bxc3 29. Nxf8 Qb7+ 30. Kc2 Rxa2+ 31. Kd1 Rd2+ 32. Qxd2 cxd2 33. Kxd2 Kxf8 34. d5 Qb4+ 35. Ke2 Qe4+ 0-1


[Site "https://www.chess.com"]

[Event "Titled Tuesday Blitz June 8 2021"]
[White "Lazavik, Denis"]
[Black "Klekowski, Maciej"]
[WhiteFideId "13515110"]
[BlackFideId "1132717"]
[WhiteElo "2436"]
[BlackElo "2454"]
[Result "1-0"]
[Round "04"]
[TimeControl "180+1"]
[Date "2021.06.08"]
[WhiteClock "0:00:08"]
[BlackClock "0:00:59"]

1. d4 Nf6 2. c4 e6 3. Nf3 b6 4. g3 Ba6 5. b3 Bb4+ 6. Bd2 Be7 7. Bg2 c6 8. Bc3 d5 9. Nbd2 Nbd7 10. O-O Rc8 11. Re1 c5 12. e4 dxe4 13. Nxe4 Nxe4 14. Rxe4 Nf6 15. Re2 O-O 16. Ne5 Qc7 17. dxc5 bxc5 18. Qd2 Rfd8 19. Qe1 Rd6 20. b4 cxb4 21. Bxb4 Rd4 22. Bxe7 Qxe7 23. Nc6 Rxc6 24. Bxc6 Rxc4 25. Bg2 h5 26. Rd2 Bb7 27. Rc1 Rxc1 28. Qxc1 Bxg2 29. Kxg2 Qb7+ 30. Kg1 Nd5 31. h4 g6 32. Rc2 Kg7 33. Qa1+ Kh7 34. Qb2 Qa6 35. Qe5 Qb7 36. Rb2 Qc6 37. Rb8 f6 38. Qb2 Kh6 39. Qb7 Qc1+ 40. Kh2 Nc7 41. Rh8+ Kg7 42. Rc8 1-0


[Site "https://www.chess.com"]

[Event "Titled Tuesday Blitz June 8 2021"]
[White "Nakamura, Hikaru"]
[Black "Svane, Frederik"]
[WhiteFideId "2016192"]
[BlackFideId "12923044"]
[WhiteElo "2900"]
[BlackElo "2459"]
[Result "1-0"]
[Round "04"]
[TimeControl "180+1"]
[Date "2021.06.08"]
[WhiteClock "0:01:14"]
[BlackClock "0:00:02"]

1. e4 c5 2. Nf3 g6 3. c3 d5 4. e5 Nc6 5. d4 Bg4 6. Bb5 cxd4 7. cxd4 Rc8 8. O-O Nh6 9. Nbd2 Nf5 10. h3 Bxf3 11. Nxf3 e6 12. Bf4 Bg7 13. Rc1 Qb6 14. Bxc6+ Rxc6 15. Rxc6 bxc6 16. g4 Ne7 17. Qc2 O-O 18. Kg2 f6 19. exf6 Bxf6 20. Re1 Bxd4 21. Bd6 Rxf3 22. Kxf3 Nc8 23. Rxe6 Kf7 24. Qe2 Bf6 25. Ba3 Qc7 26. Re3 Qd7 27. Kg2 Nb6 28. b3 Nc8 29. Rf3 Kg7 30. g5 Bd4 31. Bf8+ Kg8 32. Bh6 Bc5 33. Qe5 Qe7 34. Rf8+ 1-0


[Site "https://www.chess.com"]

[Event "Titled Tuesday Blitz June 8 2021"]
[White "Narayanan.S.L"]
[Black "Shahade, Gregory"]
[WhiteFideId "5058422"]
[BlackFideId "2009064"]
[WhiteElo "2617"]
[BlackElo "2706"]
[Result "1-0"]
[Round "04"]
[TimeControl "180+1"]
[Date "2021.06.08"]
[WhiteClock "0:01:19"]
[BlackClock "0:00:07"]

1. c4 Nf6 2. Nc3 d5 3. cxd5 Nxd5 4. e4 Nxc3 5. bxc3 g6 6. h4 h5 7. Nf3 Bg7 8. Be2 c5 9. O-O Nc6 10. Ba3 b6 11. d4 cxd4 12. cxd4 Nxd4 13. Nxd4 Qxd4 14. Bb5+ Bd7 15. Bxd7+ Qxd7 16. Qxd7+ Kxd7 17. Rad1+ Ke6 18. f4 Bc3 19. Rf3 Rhc8 20. f5+ Ke5 21. fxg6 Bd4+ 22. Kh2 fxg6 23. Bxe7 Rc3 24. Bf6+ Kxe4 25. Rxd4# 1-0


[Site "https://www.chess.com"]

[Event "Titled Tuesday Blitz June 8 2021"]
[White "Nemeth Junior, Henrique"]
[Black "Drygalov, Sergey"]
[WhiteFideId "2118815"]
[BlackFideId "24171743"]
[WhiteElo "1976"]
[BlackElo "2514"]
[Result "0-1"]
[Round "04"]
[TimeControl "180+1"]
[Date "2021.06.08"]
[WhiteClock "0:00:19"]
[BlackClock "0:00:07"]

1. e4 c5 2. Nf3 d6 3. d4 cxd4 4. Nxd4 Nf6 5. Nc3 a6 6. h3 e5 7. Nde2 h5 8. g3 Be6 9. Bg2 Nbd7 10. Nd5 Nxd5 11. exd5 Bf5 12. c4 Be7 13. O-O O-O 14. b3 b5 15. f4 exf4 16. Nxf4 Bf6 17. Ba3 Bxa1 18. Qxa1 bxc4 19. Bxd6 Qb6+ 20. Kh1 Qxd6 21. Nxh5 Qe5 22. Qxe5 Nxe5 23. Rxf5 f6 24. bxc4 Nxc4 25. d6 Nxd6 26. Bd5+ Kh7 27. Rf4 Rac8 28. Rh4 g5 29. Ra4 Kg6 30. g4 Rc5 31. Bb3 a5 32. Rd4 Nb5 33. Rd7 Rc7 34. Rd5 Nc3 35. Rxa5 Ne4 36. Be6 Re8 37. Bf5+ Kf7 38. Ra6 Rc1+ 39. Kg2 Rc2+ 40. Kg1 Rc1+ 41. Kg2 Rc2+ 42. Kg1 Rb2 43. Bxe4 Rxe4 44. Rxf6+ Ke7 45. Rf2 Ree2 46. Rxe2+ Rxe2 47. a4 Ra2 48. a5 Rxa5 49. Kg2 Ra3 50. Ng3 Kf6 51. Ne4+ Kg6 52. Nd2 Ra2 53. Kg3 Rxd2 54. h4 Rd3+ 55. Kg2 gxh4 0-1


[Site "https://www.chess.com"]

[Event "Titled Tuesday Blitz June 8 2021"]
[White "Ozen, Bahadir"]
[Black "Svane, Rasmus"]
[WhiteFideId "6337058"]
[BlackFideId "4657101"]
[WhiteElo "2503"]
[BlackElo "2669"]
[Result "0-1"]
[Round "04"]
[TimeControl "180+1"]
[Date "2021.06.08"]
[WhiteClock "0:00:38"]
[BlackClock "0:00:27"]

1. d4 d5 2. Nf3 e6 3. c4 a6 4. cxd5 exd5 5. Nc3 Nf6 6. Bf4 Bd6 7. Be5 c6 8. Qc2 Qe7 9. e3 Nbd7 10. Bg3 O-O 11. Bd3 Re8 12. O-O-O b5 13. Kb1 Bb7 14. Bh4 Nf8 15. g4 Ng6 16. Bg3 Bxg3 17. hxg3 c5 18. g5 Ne4 19. Rh5 Rac8 20. dxc5 Rxc5 21. Qb3 Nxf2 22. Rd2 Qxe3 23. Nd1 Nxd3 24. Qxd3 Qxd3+ 25. Rxd3 d4 26. Nf2 Bxf3 0-1


[Site "https://www.chess.com"]

[Event "Titled Tuesday Blitz June 8 2021"]
[White "Pichot, Alan"]
[Black "Dowgird, Filip"]
[WhiteFideId "110973"]
[BlackFideId "1121235"]
[WhiteElo "2622"]
[BlackElo "2209"]
[Result "1-0"]
[Round "04"]
[TimeControl "180+1"]
[Date "2021.06.08"]
[WhiteClock "0:00:15"]
[BlackClock "0:00:02"]

1. e4 d6 2. d4 Nf6 3. Nc3 c6 4. Nf3 Bg4 5. Be2 e6 6. Be3 d5 7. e5 Nfd7 8. Nb1 c5 9. c3 Nc6 10. Nbd2 cxd4 11. cxd4 Be7 12. O-O O-O 13. h3 Bh5 14. a3 Rc8 15. b4 f6 16. exf6 Bxf6 17. Rc1 Qb6 18. Nb3 h6 19. Nc5 Nxc5 20. Rxc5 Be7 21. Rc2 Bd6 22. Qd3 a5 23. b5 Ne7 24. Rxc8 Rxc8 25. Rc1 Rxc1+ 26. Bxc1 Bg6 27. Qc3 Qc7 28. Qxc7 Bxc7 29. Bd1 Bd3 30. a4 Bd6 31. Ne5 Be4 32. Nd7 Kf7 33. Nc5 b6 34. Nxe4 dxe4 35. Bc2 Nf5 36. Bb2 e3 37. fxe3 Nxe3 38. Bb3 Nd5 39. Kf2 Kf6 40. Kf3 Bb4 41. Bc1 Bc3 42. Ke4 Ne7 43. Bf4 g5 44. Bc7 Nc8 45. d5 exd5+ 46. Kxd5 Ke7 47. Kc6 Bd4 48. Bc2 Bc5 49. Bf5 Nd6 50. Bxd6+ Bxd6 51. Kxb6 Bb4 52. Kc7 Bd6+ 53. Kc6 Bb4 54. b6 Kd8 55. b7 1-0


[Site "https://www.chess.com"]

[Event "Titled Tuesday Blitz June 8 2021"]
[White "Quparadze, Giga"]
[Black "Murzin, Volodar"]
[WhiteFideId "13602250"]
[BlackFideId "44155573"]
[WhiteElo "2658"]
[BlackElo "2541"]
[Result "1-0"]
[Round "04"]
[TimeControl "180+1"]
[Date "2021.06.08"]
[WhiteClock "0:00:30"]
[BlackClock "0:00:12"]

1. e4 c6 2. d4 d5 3. Nc3 dxe4 4. Nxe4 Bf5 5. Ng3 Bg6 6. h4 h6 7. Nf3 e6 8. Ne5 Bh7 9. Bd3 Bxd3 10. Qxd3 Nf6 11. Bd2 Bd6 12. f4 Nbd7 13. O-O-O O-O 14. Ne4 Nxe4 15. Qxe4 f5 16. Qe2 Nf6 17. g4 Qe8 18. g5 Qh5 19. Qxh5 Nxh5 20. Rhg1 Kh7 21. Be3 Rad8 22. Nd3 hxg5 23. hxg5 Kg6 24. Ne5+ Bxe5 25. dxe5 b6 26. c4 Rh8 27. Kc2 c5 28. a3 Rxd1 29. Kxd1 Rd8+ 30. Kc2 Rd7 31. b4 Rc7 32. bxc5 bxc5 33. Kc3 Rb7 34. Kc2 Rc7 35. Rg2 Rb7 36. Rd2 Ng3 37. Rd6 Kf7 38. g6+ Kxg6 39. Rxe6+ Kf7 40. Rc6 Ne4 41. Bxc5 Nxc5 42. Rxc5 g5 43. fxg5 Ke6 44. Kd3 Rb1 45. g6 Rg1 46. Ra5 Rg3+ 47. Ke2 Rg4 48. Kd3 Rg3+ 49. Kd2 Rg4 50. Rxa7 Kxe5 51. g7 Kd4 52. Ke2 Kxc4 53. Ra4+ 1-0


[Site "https://www.chess.com"]